[Event "5th EKA IIFL Investment 2019"]
[Site "Mumbai"]
[Date "2020.01.05"]
[Round "7.55"]
[White "Tarini Goyal"]
[Black "Navalgund, Niranjan"]
[Result "1-0"]
[ECO "E63"]
[WhiteElo "2098"]
[BlackElo "2246"]
[Annotator "ChessBase"]
[PlyCount "143"]
[EventDate "2019.12.30"]
[EventType "swiss"]
[EventCountry "IND"]
[SourceTitle "playchess.com"]
[Source "ChessBase"]
[SourceQuality "1"]
[TimeControl "40/5400+30:1800+30"]

1. d4 Nf6 2. Nf3 g6 3. c4 Bg7 4. g3 O-O 5. Bg2 d6 6. Nc3 Nc6 7. O-O a6 8. b3 Rb8 9. d5 Na5 10. Bg5 c5 11. dxc6 bxc6 12. c5 dxc5 13. Bf4 Rb7 14. Na4 Nd5 15. Be5 f6 16. Bb2 Rb5 17. Rc1 Nb7 18. Ne1 Bh6 19. e3 Qd6 20. Qe2 Rd8 21. Nc2 e5 22. Rcd1 Qe7 23. Na3 Be6 24. Nxb5 cxb5 25. Nc3 Nxc3 26. Rxd8+ Nxd8 27. Bxc3 c4 28. Qd2 Nf7 29. bxc4 Bxc4 30. Rd1 Bf8 31. Bd5 Bxd5 32. Qxd5 b4 33. Bb2 Qd6 34. Qxd6 Nxd6 35. Rc1 a5 36. a3 b3 37. a4 Ne4 38. Kf1 Bb4 39. Ke2 Nc5 40. Ra1 Kf7 41. f3 Ke6 42. e4 f5 43. Ke3 h5 44. exf5+ gxf5 45. h3 Kd5 46. g4 hxg4 47. hxg4 f4+ 48. Ke2 Ke6 49. g5 Kf5 50. g6 Kxg6 51. Bxe5 Kf5 52. Bd4 Ne6 53. Kd3 Nxd4 54. Kxd4 b2 55. Rb1 Bd6 56. Kd3 Be5 57. Kc2 Ke6 58. Rd1 Bf6 59. Rd3 Bg7 60. Rd8 Be5 61. Ra8 Bc3 62. Rb8 Bb4 63. Rb5 Kd6 64. Kxb2 Kc6 65. Rf5 Bd6 66. Rxa5 Bc7 67. Rf5 Bb8 68. Kb3 Bc7 69. Kc4 Bb8 70. Kd4 Ba7+ 71. Ke4 Bb8 72. Rxf4 {Kd5+} 1-0

[Event "5th EKA IIFL Investment 2019"]
[Site "Mumbai"]
[Date "2020.01.05"]
[Round "7.56"]
[White "Wagh Suyog"]
[Black "Shiva Pavan Teja Sharma U"]
[Result "1-0"]
[ECO "E12"]
[WhiteElo "2219"]
[BlackElo "2051"]
[Annotator "NA"]
[PlyCount "67"]
[EventDate "2019.12.30"]
[EventType "swiss"]
[EventCountry "IND"]
[SourceTitle "playchess.com"]
[Source "ChessBase"]
[SourceQuality "1"]
[TimeControl "40/5400+30:1800+30"]

1. d4 Nf6 2. c4 e6 3. Nf3 b6 4. a3 Bb7 5. Nc3 d5 6. Bg5 dxc4 7. e4 Be7 8. Bxf6 Bxf6 9. Bxc4 O-O 10. e5 Be7 11. d5 exd5 12. Bxd5 Bxd5 13. Qxd5 Na6 14. O-O Qe8 15. Qc4 Nc5 16. Nd4 c6 17. Rad1 b5 18. Qe2 a5 19. Ne4 Nxe4 20. Qxe4 c5 21. Nf5 b4 22. Qb7 Bg5 23. f4 Bh6 24. Rd6 bxa3 25. bxa3 Qa4 26. Qf3 Kh8 27. Nxh6 gxh6 28. Rxh6 Qc2 29. f5 Rg8 30. g3 Rab8 31. e6 Rb3 32. Rxh7+ Kxh7 33. Qh5+ Kg7 34. f6+ 1-0

[Event "5th EKA IIFL Investment 2019"]
[Site "Mumbai"]
[Date "2020.01.05"]
[Round "7.57"]
[White "Sarbojit Paul"]
[Black "Praveen Kumar C"]
[Result "0-1"]
[ECO "B28"]
[WhiteElo "2084"]
[BlackElo "2194"]
[Annotator "NA"]
[PlyCount "66"]
[EventDate "2019.12.30"]
[EventType "swiss"]
[EventCountry "IND"]
[SourceTitle "playchess.com"]
[Source "ChessBase"]
[SourceQuality "1"]
[TimeControl "40/5400+30:1800+30"]

1. e4 c5 2. Nf3 a6 3. c4 e6 4. d4 cxd4 5. Nxd4 Qc7 6. Bd3 Nf6 7. Qe2 d6 8. O-O Nbd7 9. b3 b6 10. Bb2 Bb7 11. Nc3 Be7 12. Rae1 O-O 13. Kh1 Rfe8 14. f4 Rad8 15. Bb1 Nf8 16. Qf2 N6d7 17. Nf3 Ng6 18. Qg3 Bf6 19. Ng5 Rc8 20. h4 e5 21. fxe5 Bxe5 22. Qf2 Nf6 23. Nd5 Bxd5 24. exd5 Bxb2 25. Qxb2 Rxe1 26. Rxe1 Nxh4 27. g3 Ng6 28. Qh2 Qd7 29. Rf1 Qg4 30. Bf5 Qxg5 31. Bxc8 Ne4 32. Rg1 Qe3 33. Kg2 Qe2+ {Kf1} 0-1

[Event "5th EKA IIFL Investment 2019"]
[Site "Mumbai"]
[Date "2020.01.05"]
[Round "7.58"]
[White "Anadkat Kartavya"]
[Black "Jubin Jimmy"]
[Result "1/2-1/2"]
[ECO "B13"]
[WhiteElo "2082"]
[BlackElo "2193"]
[Annotator "NA"]
[PlyCount "97"]
[EventDate "2019.12.30"]
[EventType "swiss"]
[EventCountry "IND"]
[SourceTitle "playchess.com"]
[Source "ChessBase"]
[SourceQuality "1"]
[TimeControl "40/5400+30:1800+30"]

1. e4 c6 2. d4 d5 3. exd5 cxd5 4. Bd3 Nc6 5. c3 Qc7 6. Ne2 Bg4 7. O-O e6 8. Qe1 Bxe2 9. Qxe2 Bd6 10. Qg4 Bf8 11. Nd2 Nf6 12. Qe2 Bd6 13. g3 O-O 14. f4 Rae8 15. Nf3 Nd7 16. Ne5 f5 17. g4 fxg4 18. Qxg4 Nf6 19. Qh3 Qc8 20. Bd2 Ne7 21. Be1 Nf5 22. Bh4 Ne4 23. Rae1 Bxe5 24. fxe5 Qc6 25. Qg4 Qb6 26. Bxe4 dxe4 27. Re2 Qa6 28. Rfe1 e3 29. Rg2 Kh8 30. Bg5 Rf7 31. h3 Qxa2 32. Bxe3 Ref8 33. Kh2 Qc4 34. Bg1 Qd5 35. Qe4 Qd8 36. Bf2 Ne7 37. Bh4 Rf4 38. Bxe7 Qxe7 39. Qe3 Rf3 40. Qg5 Qxg5 41. Rxg5 Rd3 42. Reg1 g6 43. R5g3 Rd2+ 44. R1g2 Rff2 45. Rxf2 Rxf2+ 46. Rg2 Rxg2+ 47. Kxg2 b5 48. b4 Kg7 49. Kg3 1/2-1/2

[Event "5th EKA IIFL Investment 2019"]
[Site "Mumbai"]
[Date "2020.01.05"]
[Round "7.59"]
[White "Rathneesh R"]
[Black "Rakshitta Ravi"]
[Result "1/2-1/2"]
[ECO "A20"]
[WhiteElo "2064"]
[BlackElo "2267"]
[Annotator "ChessBase"]
[PlyCount "156"]
[EventDate "2019.12.30"]
[EventType "swiss"]
[EventCountry "IND"]
[SourceTitle "playchess.com"]
[Source "ChessBase"]
[SourceQuality "1"]
[TimeControl "40/5400+30:1800+30"]

1. c4 e5 2. g3 Nf6 3. Bg2 d5 4. cxd5 Nxd5 5. Nc3 Nb6 6. Nf3 Nc6 7. O-O Be7 8. Rb1 O-O 9. b4 a5 10. b5 Nd4 11. d3 f6 12. Nxd4 exd4 13. Qb3+ Kh8 14. Na4 Re8 15. Bf4 Bd6 16. Nxb6 cxb6 17. Qd5 Bc5 18. Qxd8 Rxd8 19. e3 dxe3 20. Bxe3 Bxe3 21. fxe3 Rxd3 22. Rbd1 Bf5 23. Bxb7 Rb8 24. Bc6 Rxd1 25. Rxd1 Kg8 26. Bd7 Bg6 27. Rd6 Kf8 28. Bh3 Be8 29. a4 Bf7 30. Bg4 Ke8 31. Kf2 Bb3 32. Bd1 Ke7 33. Rd4 Be6 34. Bc2 g6 35. Rh4 Bg8 36. Bd3 Rc8 37. Re4+ Kd6 38. Rd4+ Ke5 39. Re4+ Kd5 40. Rd4+ Kc5 41. Ke2 Be6 42. Kd2 Rc7 43. Kc3 Rd7 44. Rf4 f5 45. Bc4 Re7 46. Bxe6 Rxe6 47. Rc4+ Kd5 48. Rd4+ Ke5 49. Rc4 g5 50. h4 Rg6 51. Kd2 Kd5 52. Rd4+ Kc5 53. hxg5 Rxg5 54. Rh4 Rxg3 55. Rxh7 Kb4 56. Rh6 Kxa4 57. Rxb6 Kb3 58. Ra6 a4 59. b6 Rg4 60. Ra5 Rb4 61. Kc1 Rxb6 62. Rxf5 Ka2 63. Rf2+ Ka1 64. Rf8 Rc6+ 65. Kd2 a3 66. Rb8 a2 67. Rb7 Rh6 68. Kc2 Rh2+ 69. Kc1 Rh1+ 70. Kc2 Rb1 71. Rc7 Rb5 72. Kc1 Re5 73. Kc2 Rxe3 74. Rb7 Re1 75. Rb8 Rb1 76. Rc8 Rb2+ 77. Kc1 Rb1+ 78. Kc2 Rb2+ 1/2-1/2

[Event "5th EKA IIFL Investment 2019"]
[Site "Mumbai"]
[Date "2020.01.06"]
[Round "8.4"]
[White "Bogdanovich, Stanislav"]
[Black "Nitin, S.."]
[Result "1-0"]
[ECO "E71"]
[WhiteElo "2562"]
[BlackElo "2329"]
[Annotator "RC"]
[PlyCount "69"]
[EventDate "2019.12.30"]
[EventType "swiss"]
[EventCountry "IND"]
[SourceTitle "playchess.com"]
[Source "ChessBase"]
[SourceQuality "1"]
[TimeControl "40/5400+30:1800+30"]

1. d4 Nf6 2. c4 g6 3. Nc3 Bg7 4. e4 d6 5. h3 O-O 6. Be3 Na6 7. Nf3 c6 8. g4 e5 9. d5 Nc5 10. Nd2 a5 11. Be2 Bd7 12. Rc1 a4 13. g5 Ne8 14. h4 Nc7 15. h5 N7a6 16. Nf1 Qa5 17. Qd2 a3 18. b3 Nb4 19. Ng3 cxd5 20. h6 Bh8 21. Nxd5 Nxd5 22. Qxa5 Rxa5 23. cxd5 Raa8 24. Bxc5 dxc5 25. Rxc5 Rfc8 26. Rxc8+ Rxc8 27. Kd2 f6 28. Nf1 fxg5 29. Ne3 Bf6 30. Bg4 Bxg4 31. Nxg4 Be7 32. Rc1 Rxc1 33. Kxc1 Bd6 34. Kc2 b5 35. Kc3 1-0

[Event "5th EKA IIFL Investment 2019"]
[Site "Mumbai"]
[Date "2020.01.06"]
[Round "8.5"]
[White "Neverov, Valeriy"]
[Black "Tukhaev, Adam"]
[Result "1/2-1/2"]
[ECO "D20"]
[WhiteElo "2460"]
[BlackElo "2552"]
[Annotator "RC"]
[PlyCount "93"]
[EventDate "2019.12.30"]
[EventType "swiss"]
[EventCountry "IND"]
[SourceTitle "playchess.com"]
[Source "ChessBase"]
[SourceQuality "1"]
[TimeControl "40/5400+30:1800+30"]

1. d4 d5 2. c4 dxc4 3. e4 b5 4. a4 c6 5. axb5 cxb5 6. b3 e5 7. Nf3 exd4 8. bxc4 b4 9. Nbd2 Nc6 10. Nb3 Nf6 11. c5 Be7 12. Bb5 Bd7 13. Qd3 O-O 14. O-O Qc7 15. Re1 Ne5 16. Nxe5 Bxb5 17. Qxb5 Qxe5 18. h3 d3 19. Bd2 Rfd8 20. Qxb4 Rab8 21. Qc4 Qe6 22. Qxe6 fxe6 23. Rxa7 Rxb3 24. Rxe7 Rb2 25. Be3 Nxe4 26. c6 Rc2 27. Rxe6 d2 28. Rd1 Rc1 29. Rxc1 dxc1=Q+ 30. Bxc1 Rd1+ 31. Kh2 Rxc1 32. Rxe4 Rxc6 33. g4 Kf7 34. h4 Rc3 35. Kg2 h6 36. Re5 Ra3 37. f3 Rb3 38. Kg3 Ra3 39. h5 Ra4 40. Re4 Ra3 41. Kf4 Kf6 42. Rd4 Ra6 43. Ke4 Ra1 44. Rd6+ Ke7 45. Rc6 Kf7 46. Rc4 Kf6 47. Rc6+ {Ke5+} 1/2-1/2

[Event "5th EKA IIFL Investment 2019"]
[Site "Mumbai"]
[Date "2020.01.06"]
[Round "8.6"]
[White "Chanda, Sandipan"]
[Black "Mohammad Fahad, Rahman"]
[Result "1-0"]
[ECO "E46"]
[WhiteElo "2545"]
[BlackElo "2294"]
[Annotator "RC"]
[PlyCount "53"]
[EventDate "2019.12.30"]
[EventType "swiss"]
[EventCountry "IND"]
[SourceTitle "playchess.com"]
[Source "ChessBase"]
[SourceQuality "1"]
[TimeControl "40/5400+30:1800+30"]

1. d4 Nf6 2. c4 e6 3. Nc3 Bb4 4. e3 O-O 5. Bd2 d5 6. Nf3 b6 7. cxd5 exd5 8. Bd3 Bb7 9. O-O Bd6 10. Qb1 Re8 11. b4 a6 12. b5 axb5 13. Nxb5 Bf8 14. Ng5 g6 15. f4 Nbd7 16. f5 Bh6 17. e4 Nxe4 18. fxg6 Nxd2 19. gxf7+ Kg7 20. Nxc7 Qxc7 21. fxe8=N+ Rxe8 22. Rf7+ Kh8 23. Qd1 Bg7 24. Qh5 Bxd4+ 25. Kh1 Nf6 26. Rxf6 Qe7 27. Nf7+ 1-0

[Event "5th EKA IIFL Investment 2019"]
[Site "Mumbai"]
[Date "2020.01.06"]
[Round "8.7"]
[White "Yudin, Sergei"]
[Black "Abdisalimov, Abdimalik"]
[Result "0-1"]
[ECO "B53"]
[WhiteElo "2497"]
[BlackElo "2394"]
[Annotator "RC"]
[PlyCount "120"]
[EventDate "2019.12.30"]
[EventType "swiss"]
[EventCountry "IND"]
[SourceTitle "playchess.com"]
[Source "ChessBase"]
[SourceQuality "1"]
[TimeControl "40/5400+30:1800+30"]

1. e4 c5 2. Nf3 d6 3. d4 cxd4 4. Qxd4 a6 5. h3 Nc6 6. Qe3 Nf6 7. Be2 g6 8. O-O Bg7 9. c4 O-O 10. Nc3 Nd7 11. b3 Nde5 12. Rd1 Nxf3+ 13. Bxf3 Rb8 14. Bb2 Qa5 15. a3 Qc5 16. Qd3 Ne5 17. Qe2 Be6 18. Rac1 Qb6 19. Qc2 Nxf3+ 20. gxf3 Bxh3 21. Nd5 Qd8 22. Bxg7 Kxg7 23. e5 dxe5 24. Qc3 f6 25. Nxf6 Qc8 26. Ne4 Qf5 27. Rd3 Rbd8 28. Re3 Rd4 29. Rce1 Rxe4 30. Rxe4 Qg5+ 31. Rg4 Bxg4 32. fxg4 Qxg4+ 33. Kf1 Rf6 34. Qxe5 Qh3+ 35. Kg1 e6 36. Qd4 h5 37. Re3 Qf5 38. Re5 Qh3 39. Qd7+ Kh6 40. Qd2+ Kg7 41. Qd7+ Rf7 42. Qd4 Kh7 43. Re3 Qf5 44. Re4 Qg5+ 45. Kf1 Qc1+ 46. Kg2 Qxa3 47. Rxe6 Qxb3 48. Qe4 Rg7 49. Re5 Qd1 50. f3 Qd2+ 51. Kh3 Kh6 52. Rd5 Qc1 53. Rd8 Kh7 54. Rf8 Qc3 55. Rb8 Qb3 56. c5 Qf7 57. Kg2 Qe7 58. Qd4 Qd7 59. Qf6 Qe7 60. Qd4 Rg8 0-1

[Event "5th EKA IIFL Investment 2019"]
[Site "Mumbai"]
[Date "2020.01.06"]
[Round "8.8"]
[White "Sardana, Rishi"]
[Black "Manik, Mikulas"]
[Result "1-0"]
[ECO "A03"]
[WhiteElo "2428"]
[BlackElo "2379"]
[Annotator "RC"]
[PlyCount "36"]
[EventDate "2019.12.30"]
[EventType "swiss"]
[EventCountry "IND"]
[SourceTitle "playchess.com"]
[Source "ChessBase"]
[SourceQuality "1"]
[TimeControl "40/5400+30:1800+30"]

1. f4 d5 2. Nf3 g6 3. g3 Bg7 4. Bg2 c5 5. O-O Nh6 6. d3 d4 7. c3 O-O 8. e4 dxe3 9. Bxe3 Qc7 10. Na3 Ng4 11. Qe2 Nd7 12. Bd2 e5 13. Nc4 exf4 14. Bxf4 Qd8 15. Rae1 b5 16. Nd6 Ndf6 17. Ng5 Bd7 18. Ngxf7 Qb6 1-0

[Event "5th EKA IIFL Investment 2019"]
[Site "Mumbai"]
[Date "2020.01.06"]
[Round "8.9"]
[White "Puranik, Abhimanyu"]
[Black "Eraschenkov, Denis"]
[Result "1-0"]
[ECO "A20"]
[WhiteElo "2580"]
[BlackElo "2386"]
[Annotator "RC"]
[PlyCount "76"]
[EventDate "2019.12.30"]
[EventType "swiss"]
[EventCountry "IND"]
[SourceTitle "playchess.com"]
[Source "ChessBase"]
[SourceQuality "1"]
[TimeControl "40/5400+30:1800+30"]

1. c4 e5 2. g3 Nf6 3. Bg2 Nc6 4. Nf3 Bc5 5. O-O d6 6. Nc3 O-O 7. d3 h6 8. b3 Bg4 9. h3 Bh5 10. Bb2 Nd7 11. Ne4 Bxf3 12. Bxf3 Bd4 13. Nc3 f5 14. e3 Bb6 15. Nd5 Nf6 16. b4 Nxd5 17. Bxd5+ Kh8 18. b5 Na5 19. Bc3 c6 20. bxc6 Nxc6 21. Kh2 Rc8 22. Rb1 Qe7 23. Qf3 f4 24. Qe4 fxe3 25. fxe3 Qg5 26. Bd2 Ne7 27. Be6 Rb8 28. Bf7 g6 29. Rf3 Nf5 30. Bd5 Nd4 31. Rxf8+ Rxf8 32. Qg2 Nf5 33. Rf1 Kg7 34. e4 Be3 35. exf5 Bxd2 36. h4 Qe3 37. Rf3 Qe1 38. fxg6 Rg8 1-0

[Event "5th EKA IIFL Investment 2019"]
[Site "Mumbai"]
[Date "2020.01.06"]
[Round "8.10"]
[White "David, Alberto"]
[Black "Czebe, Attila"]
[Result "1-0"]
[ECO "E70"]
[WhiteElo "2545"]
[BlackElo "2374"]
[Annotator "RC"]
[PlyCount "49"]
[EventDate "2019.12.30"]
[EventType "swiss"]
[EventCountry "IND"]
[SourceTitle "playchess.com"]
[Source "ChessBase"]
[SourceQuality "1"]
[TimeControl "40/5400+30:1800+30"]

1. d4 Nf6 2. c4 g6 3. Nc3 Bg7 4. e4 O-O 5. f3 c6 6. h4 d6 7. Nge2 e5 8. d5 cxd5 9. cxd5 Nh5 10. g4 Nf4 11. Nxf4 exf4 12. Bxf4 f5 13. gxf5 gxf5 14. Qd2 fxe4 15. O-O-O Qf6 16. Bg5 Qe5 17. Rg1 Bf5 18. Be3 Bg6 19. f4 Qe7 20. Bh3 Nd7 21. h5 Bxh5 22. Be6+ Kh8 23. Rxg7 Qxg7 24. Rg1 Bg6 25. Bd4 1-0

[Event "5th EKA IIFL Investment 2019"]
[Site "Mumbai"]
[Date "2020.01.06"]
[Round "8.11"]
[White "Sammed Jaykumar, Shete"]
[Black "Gholami, Aryan"]
[Result "1/2-1/2"]
[ECO "B10"]
[WhiteElo "2381"]
[BlackElo "2541"]
[Annotator "RC"]
[PlyCount "80"]
[EventDate "2019.12.30"]
[EventType "swiss"]
[EventCountry "IND"]
[SourceTitle "playchess.com"]
[Source "ChessBase"]
[SourceQuality "1"]
[TimeControl "40/5400+30:1800+30"]

1. e4 c6 2. Nf3 d5 3. Nc3 dxe4 4. Nxe4 Nf6 5. Qe2 Nxe4 6. Qxe4 Qa5 7. Bc4 Bf5 8. Qe2 e6 9. O-O Nd7 10. d4 Be7 11. Bf4 O-O 12. c3 Rfe8 13. Rfe1 Rad8 14. a4 Bg4 15. Bg3 Qh5 16. a5 a6 17. h3 Bxf3 18. Qxf3 Qxf3 19. gxf3 Nf6 20. Kg2 g6 21. h4 Nh5 22. Kh3 Ng7 23. Re2 h5 24. Bb3 Nf5 25. Bc2 c5 26. dxc5 Bxc5 27. Ra4 Nxg3 28. fxg3 Be7 29. Rc4 Rc8 30. Rxc8 Rxc8 31. Rd2 Rc7 32. Ba4 Kf8 33. Rd7 Rc5 34. Rxb7 Rxa5 35. Bc6 Ra1 36. Rb8+ Kg7 37. Rb7 Kf8 38. Rb8+ Kg7 39. Rb7 Kf8 40. Rb8+ Kg7 1/2-1/2

[Event "5th EKA IIFL Investment 2019"]
[Site "Mumbai"]
[Date "2020.01.06"]
[Round "8.12"]
[White "Muthaiah AL"]
[Black "Nigmatov, Ortik"]
[Result "1-0"]
[ECO "E62"]
[WhiteElo "2363"]
[BlackElo "2474"]
[Annotator "RC"]
[PlyCount "77"]
[EventDate "2019.12.30"]
[EventType "swiss"]
[EventCountry "IND"]
[SourceTitle "playchess.com"]
[Source "ChessBase"]
[SourceQuality "1"]
[TimeControl "40/5400+30:1800+30"]

1. Nf3 Nf6 2. d4 g6 3. c4 Bg7 4. g3 O-O 5. Bg2 d6 6. O-O Nc6 7. Nc3 e5 8. dxe5 dxe5 9. Bg5 Be6 10. Nd5 Bxd5 11. Bxf6 Bxf6 12. cxd5 Ne7 13. e4 Nc8 14. Nd2 Nd6 15. Qb3 b5 16. Rac1 Bg7 17. Rc6 f5 18. Qc2 Rf7 19. Nb3 Nb7 20. exf5 gxf5 21. d6 e4 22. dxc7 Qc8 23. Rd1 Be5 24. Nd4 Rxc7 25. Rxc7 Qxc7 26. Qxc7 Bxc7 27. Nxf5 Rd8 28. Rxd8+ Bxd8 29. Bxe4 Nc5 30. Bc2 Bf6 31. Nd6 a6 32. b3 Be7 33. Nf5 Bf6 34. Kg2 Nd7 35. f4 Nb6 36. Be4 a5 37. Nd6 b4 38. Nc4 Nxc4 39. Bd5+ 1-0

[Event "5th EKA IIFL Investment 2019"]
[Site "Mumbai"]
[Date "2020.01.06"]
[Round "8.13"]
[White "Ameir, Moheb"]
[Black "Krishna C R G"]
[Result "0-1"]
[ECO "C07"]
[WhiteElo "2342"]
[BlackElo "2459"]
[Annotator "RC"]
[PlyCount "130"]
[EventDate "2019.12.30"]
[EventType "swiss"]
[EventCountry "IND"]
[SourceTitle "playchess.com"]
[Source "ChessBase"]
[SourceQuality "1"]
[TimeControl "40/5400+30:1800+30"]

1. e4 e6 2. d4 d5 3. Nd2 c5 4. exd5 Qxd5 5. Ngf3 cxd4 6. Bc4 Qd7 7. O-O Nc6 8. Nb3 Nf6 9. Nbxd4 Nxd4 10. Nxd4 a6 11. Bf4 b5 12. Bb3 Bb7 13. Be5 Bd6 14. Qe2 Bxe5 15. Qxe5 O-O 16. Rad1 Rfd8 17. c3 Qd6 18. Qxd6 Rxd6 19. a4 bxa4 20. Bxa4 Rc8 21. Rfe1 Rb6 22. Re2 g6 23. Rc1 Nd5 24. f3 e5 25. Rxe5 Rxb2 26. Re8+ Rxe8 27. Bxe8 Nf4 28. g3 Ne2+ 29. Nxe2 Rxe2 30. Bd7 Bxf3 31. Bh3 a5 32. Ra1 Rc2 33. Rxa5 Rxc3 34. Kf2 Be4 35. Ra2 Rf3+ 36. Kg1 Bd5 37. Rd2 Be6 38. Bg2 Ra3 39. Kf2 g5 40. Rb2 Kg7 41. Rc2 h5 42. Rb2 Bg4 43. Rd2 Ra5 44. Rb2 Kf6 45. Rd2 Ke5 46. h3 Bf5 47. Re2+ Kd4 48. Bf3 g4 49. hxg4 hxg4 50. Bg2 Bd3 51. Rb2 Kc3 52. Rb8 Ra2+ 53. Kg1 f5 54. Rd8 Ra1+ 55. Kf2 Ra2+ 56. Kg1 Rd2 57. Bb7 Be4 58. Rxd2 Kxd2 59. Ba6 Ke3 60. Bf1 Kf3 61. Kh2 Kf2 62. Bg2 Bf3 63. Bf1 Bb7 64. Bg2 Be4 65. Bf1 f4 0-1

[Event "5th EKA IIFL Investment 2019"]
[Site "Mumbai"]
[Date "2020.01.06"]
[Round "8.14"]
[White "Mirzoev, Azer"]
[Black "Harshavardhan G B"]
[Result "1/2-1/2"]
[ECO "A48"]
[WhiteElo "2457"]
[BlackElo "2344"]
[Annotator "RC"]
[PlyCount "76"]
[EventDate "2019.12.30"]
[EventType "swiss"]
[EventCountry "IND"]
[SourceTitle "playchess.com"]
[Source "ChessBase"]
[SourceQuality "1"]
[TimeControl "40/5400+30:1800+30"]

1. d4 Nf6 2. Nf3 g6 3. c4 Bg7 4. Nc3 O-O 5. e3 d6 6. Be2 Nbd7 7. b3 c5 8. Bb2 b6 9. O-O Bb7 10. Rc1 a6 11. h3 e6 12. a3 Qe7 13. b4 Rfc8 14. Qb3 Rab8 15. Rfd1 d5 16. cxd5 Nxd5 17. dxc5 bxc5 18. Nxd5 Bxd5 19. Qc2 Bxb2 20. Qxb2 cxb4 21. Rxc8+ Rxc8 22. Qxb4 Qxb4 23. axb4 Nb8 24. Nd4 Kf8 25. Ra1 Rc7 26. Bxa6 Ra7 27. b5 Bb7 28. h4 Nxa6 29. f3 Ra8 30. bxa6 Rxa6 31. Rxa6 Bxa6 32. e4 e5 33. Nc6 f6 34. Kf2 Bb7 35. Na5 Bc8 36. Nc6 Bb7 37. Na5 Bc8 38. Nc6 Bb7 1/2-1/2

[Event "5th EKA IIFL Investment 2019"]
[Site "Mumbai"]
[Date "2020.01.06"]
[Round "8.15"]
[White "Shyaamnikhil P"]
[Black "Kulkarni, Vikramaditya"]
[Result "1/2-1/2"]
[ECO "A90"]
[WhiteElo "2455"]
[BlackElo "2328"]
[Annotator "RC"]
[PlyCount "82"]
[EventDate "2019.12.30"]
[EventType "swiss"]
[EventCountry "IND"]
[SourceTitle "playchess.com"]
[Source "ChessBase"]
[SourceQuality "1"]
[TimeControl "40/5400+30:1800+30"]

1. d4 e6 2. c4 f5 3. g3 Nf6 4. Bg2 c6 5. Nf3 d5 6. O-O Bd6 7. b3 Qe7 8. Bb2 O-O 9. Qc1 b5 10. c5 Bc7 11. Ne5 a5 12. a3 Bb7 13. Nd2 g5 14. b4 Nbd7 15. Ndf3 g4 16. Ne1 Nxe5 17. dxe5 Ne4 18. f3 Ng5 19. fxg4 fxg4 20. Rf6 Qg7 21. Nd3 axb4 22. axb4 Rxa1 23. Qxa1 Bd8 24. Rxf8+ Kxf8 25. Nf4 Bc8 26. Qa8 Qb7 27. Qa3 Bd7 28. Qa1 Be8 29. Bd4 Qf7 30. Qb1 Qf5 31. Qxf5+ exf5 32. Kf2 Ke7 33. e3 Bc7 34. Ke2 Bb8 35. Kd2 Nf7 36. Nd3 Ke6 37. Nf4+ Ke7 38. Nd3 Nh8 39. h4 Ng6 40. Ke2 Ke6 41. Nf4+ Nxf4+ 1/2-1/2

[Event "5th EKA IIFL Investment 2019"]
[Site "Mumbai"]
[Date "2020.01.06"]
[Round "8.16"]
[White "Manish Anto Cristiano F"]
[Black "Rahman, Ziaur"]
[Result "0-1"]
[ECO "B06"]
[WhiteElo "2280"]
[BlackElo "2440"]
[Annotator "RC"]
[PlyCount "112"]
[EventDate "2019.12.30"]
[EventType "swiss"]
[EventCountry "IND"]
[SourceTitle "playchess.com"]
[Source "ChessBase"]
[SourceQuality "1"]
[TimeControl "40/5400+30:1800+30"]

1. e4 g6 2. d4 Bg7 3. Nc3 d6 4. Be3 a6 5. Qd2 b5 6. Nf3 Bb7 7. Bd3 Nd7 8. a4 b4 9. Ne2 c5 10. c3 Ngf6 11. Ng3 bxc3 12. bxc3 Qc7 13. O-O Ng4 14. Bg5 h6 15. h3 hxg5 16. hxg4 Nf6 17. Qxg5 O-O-O 18. Qd2 c4 19. g5 Nh5 20. Bc2 e5 21. Rfb1 d5 22. Nxe5 Bxe5 23. dxe5 Nxg3 24. fxg3 Qxe5 25. exd5 Bxd5 26. Qf2 Rd7 27. Qf4 Qxf4 28. gxf4 Bxg2 29. Rd1 Bd5 30. Rac1 Rh1+ 31. Kf2 Rh2+ 32. Kg1 Rg2+ 33. Kf1 Rg3 34. Rd2 Rf3+ 35. Rf2 Rxc3 36. Rd1 Be6 37. Rxd7 Kxd7 38. f5 gxf5 39. Bxf5 Rg3 40. Bxe6+ fxe6 41. Rf7+ Kc6 42. Ra7 Kb6 43. Re7 Rxg5 44. Rxe6+ Ka5 45. Ke2 Kxa4 46. Kd2 Kb3 47. Rb6+ Rb5 48. Rxa6 Kb2 49. Rc6 Rd5+ 50. Ke2 c3 51. Rb6+ Kc1 52. Rc6 c2 53. Rc8 Rb5 54. Kd3 Rb3+ 55. Ke2 Kb1 56. Kd2 Rb2 0-1

[Event "5th EKA IIFL Investment 2019"]
[Site "Mumbai"]
[Date "2020.01.06"]
[Round "8.17"]
[White "Subhayan Kundu"]
[Black "Das, Sayantan"]
[Result "0-1"]
[ECO "C55"]
[WhiteElo "2222"]
[BlackElo "2440"]
[Annotator "RC"]
[PlyCount "80"]
[EventDate "2019.12.30"]
[EventType "swiss"]
[EventCountry "IND"]
[SourceTitle "playchess.com"]
[Source "ChessBase"]
[SourceQuality "1"]
[TimeControl "40/5400+30:1800+30"]

1. e4 e5 2. Nf3 Nc6 3. Bc4 Nf6 4. d3 h6 5. O-O d6 6. c3 g5 7. Re1 Bg7 8. a4 g4 9. Nfd2 h5 10. Nf1 Qe7 11. a5 a6 12. f4 gxf3 13. Qxf3 Bg4 14. Qf2 Be6 15. h3 O-O-O 16. Ng3 Bh6 17. Nf5 Bxf5 18. Qxf5+ Kb8 19. Rf1 Bxc1 20. Qxf6 Qxf6 21. Rxf6 Bxb2 22. Ra2 Bc1 23. g3 Rdg8 24. Kh2 h4 25. g4 Rg7 26. Kg2 Rf8 27. Rf1 Bg5 28. Be6 Bf4 29. Bd5 Ne7 30. Bb3 Ng6 31. Na3 Bg5 32. Bc4 c6 33. Rb2 Ka7 34. Rfb1 f6 35. Nc2 d5 36. Ba2 Nf4+ 37. Kf3 Nxd3 38. Rb6 dxe4+ 39. Kxe4 Nc5+ 40. Kf3 Rd8 0-1

[Event "5th EKA IIFL Investment 2019"]
[Site "Mumbai"]
[Date "2020.01.06"]
[Round "8.18"]
[White "Dere Pushkar"]
[Black "Hesham, Abdelrahman"]
[Result "1-0"]
[ECO "B22"]
[WhiteElo "2061"]
[BlackElo "2416"]
[Annotator "ChessBase"]
[PlyCount "117"]
[EventDate "2019.12.30"]
[EventType "swiss"]
[EventCountry "IND"]
[SourceTitle "playchess.com"]
[Source "ChessBase"]
[SourceQuality "1"]
[TimeControl "40/5400+30:1800+30"]

1. e4 c5 2. c3 Nf6 3. e5 Nd5 4. d4 cxd4 5. Nf3 Nc6 6. cxd4 d6 7. Bc4 Nb6 8. Bb5 dxe5 9. Nxe5 Bd7 10. Nxd7 Qxd7 11. Nc3 e6 12. O-O Be7 13. Qg4 O-O 14. Bxc6 bxc6 15. Bh6 Bf6 16. Rfd1 Kh8 17. Ne4 Qe7 18. Bg5 Bxg5 19. Qxg5 Nd5 20. Rac1 Rab8 21. Rd2 Rb6 22. Qxe7 Nxe7 23. Rc4 Rd8 24. Ra4 Nc8 25. Rc2 e5 26. Rd2 f5 27. Ng5 Kg8 28. Nf3 e4 29. Ne5 g6 30. b3 c5 31. Rc4 Rb5 32. Rdc2 Ne7 33. Rxc5 Rxd4 34. Kf1 Rxc5 35. Rxc5 Nd5 36. Nc6 Rd2 37. Rxd5 Rxa2 38. g3 a6 39. Ra5 Rb2 40. b4 Kf7 41. Rxa6 Ke6 42. Na5+ Kd5 43. Rd6+ Kxd6 44. Nc4+ Kc6 45. Nxb2 Kb5 46. Ke2 Kxb4 47. f3 Kc3 48. fxe4 fxe4 49. Nd1+ Kd4 50. Nf2 h5 51. Nh3 Ke5 52. Ke3 Kf5 53. Nf2 g5 54. Nxe4 h4 55. Nf2 hxg3 56. hxg3 g4 57. Kd4 Kg5 58. Ke4 Kh5 59. Kf4 1-0

[Event "5th EKA IIFL Investment 2019"]
[Site "Mumbai"]
[Date "2020.01.06"]
[Round "8.19"]
[White "Mendonca, Leon Luke"]
[Black "Krishnater Kushager"]
[Result "0-1"]
[ECO "D37"]
[WhiteElo "2398"]
[BlackElo "2308"]
[Annotator "ChessBase"]
[PlyCount "74"]
[EventDate "2019.12.30"]
[EventType "swiss"]
[EventCountry "IND"]
[SourceTitle "playchess.com"]
[Source "ChessBase"]
[SourceQuality "1"]
[TimeControl "40/5400+30:1800+30"]

1. d4 Nf6 2. Nf3 e6 3. c4 d5 4. Nc3 dxc4 5. e4 Bb4 6. Bg5 b5 7. e5 h6 8. Bh4 g5 9. Nxg5 hxg5 10. Bxg5 Nbd7 11. exf6 Bb7 12. a3 Bxc3+ 13. bxc3 Nb6 14. h4 Qd6 15. Qg4 c5 16. Rh3 O-O-O 17. dxc5 Qxc5 18. Be2 Rhg8 19. Rg3 Na4 20. Kf1 Qe5 21. Re1 Qc5 22. Ra1 Qe5 23. Re1 Qc5 24. Qh5 Qc7 25. Kg1 Nc5 26. Bf3 Nd3 27. Rf1 Bd5 28. Bxd5 exd5 29. Qf3 Qe5 30. Qe3 d4 31. cxd4 Rxd4 32. Qxe5 Nxe5 33. Be3 Rxg3 34. Bxd4 Nf3+ 35. Kh1 Rg4 36. gxf3 Rxh4+ 37. Kg2 Rxd4 0-1